 Dungeon Crawl Stone Soup version 0.31-a0-339-gda1cbd555d (webtiles) character file.

Game seed: 17399073636583827494

172 Newt the Shooter (level 5, 0/35 HPs)
             Began as a Kobold Hunter on July 20, 2023.
             Slain by an ice beast (10 damage)
             ... on level 4 of the Dungeon.
             The game lasted 00:01:44 (2680 turns).

Newt the Shooter (Kobold Hunter)                    Turns: 2680, Time: 00:01:45

Health: 0/35       AC:  3    Str:  8    XL:     5   Next: 83%
Magic:  5/5        EV: 14    Int: 10    God:
Gold:   159        SH:  0    Dex: 21    Spells: 4/4 levels left

rFire   + . .        a - +0 shortbow
rCold   . . .        (shield currently unavailable)
rNeg    . . .        c - +0 leather armour
rPois   .            (no helmet)
rElec   .            (no cloak)
rCorr   .            (no gloves)
SInv    .            (no boots)
Will    .....        (no amulet)
Stlth   +++          k - ring of protection from fire
HPRegen 0.25/turn    (no ring)
MPRegen 0.09/turn

%: no passive effects
@: no status effects
A: small, no large weapons, nightstalker 3
a: no special abilities


You were on level 4 of the Dungeon.
You visited 1 branch of the dungeon, and saw 4 of its levels.

You collected 159 gold pieces.

Inventory:

Hand Weapons
 a - a +0 shortbow (weapon)
Missiles
 e - a throwing net
Armour
 c - a +0 leather armour (worn)
Jewellery
 k - a ring of protection from fire (left hand)
 l - a ring of flight
 m - a +4 ring of protection
Scrolls
 b - a scroll of butterflies
 f - a scroll of blinking
 g - 3 scrolls of amnesia
 q - a scroll of teleportation
Potions
 d - 2 potions of might
 h - a potion of heal wounds {unknown}
 i - a potion of brilliance {unknown}
 j - a potion of curing
 n - a potion of attraction {unknown}
 o - a potion of degeneration {unknown}
 p - a potion of lignification {unknown}


   Skills:
 - Level 5.0 Fighting
 + Level 6.8 Ranged Weapons
 - Level 2.4 Dodging
 - Level 1.3 Stealth


You had 4 spell levels left.
You didn't know any spells.
Your spell library was empty.

Dungeon Overview and Level Annotations

Branches:
Dungeon (4/15)
 Temple: D:4-7

Altars:
The Shining One

Annotations:
D:3 2 transporters


Innate Abilities, Weirdness & Mutations

You are small and have problems with some larger weapons.
You are completely attuned to the shadows.


Message History

The arrow hits the hound but does no damage.
The hound is almost dead.
The hound closely misses you. The hound misses you.
You shoot an arrow. The arrow misses the hound.
The hound barely misses you. x2
A hound is nearby!
You shoot an arrow. The arrow hits the hound.
The hound is almost dead.
The hound misses you.
You shoot an arrow. The arrow hits the hound.
You kill the hound!
HP restored.
You see here a hound corpse.
You now have 159 gold pieces (gained 6).
An ice beast comes into view.
You shoot an arrow.
The arrow hits the ice beast but does no damage.
An ice beast is nearby!
An ice beast is nearby!
You shoot an arrow.
The arrow hits the ice beast but does no damage.
You shoot an arrow. The arrow hits the ice beast!
The ice beast is heavily wounded.
You shoot an arrow. The arrow closely misses the ice beast.
The ice beast barely misses you.
You shoot an arrow. The arrow closely misses the ice beast.
The ice beast closely misses you.
You shoot an arrow. The arrow barely misses the ice beast.
The ice beast hits you. The ice beast freezes you!
You shoot an arrow.
The arrow hits the ice beast but does no damage.
The ice beast is heavily wounded.
The ice beast hits you. The ice beast freezes you! The ice beast hits you.
The ice beast freezes you!
* * * LOW HITPOINT WARNING * * *
You are too injured to fight recklessly!
Unknown command.
It was a potion of curing.
You feel better. The ice beast hits you.
* * * LOW HITPOINT WARNING * * *
The ice beast freezes you!
You die...

#.....######
...........
####.######
.........
#..#.#####
#..#.....#
#. ####.##
#.# #@# #Y#
#.# ... ...


You could see an ice beast.

Vanquished Creatures
  A hound (D:4)
  An orc priest (D:3)
  2 adders
  4 gnolls (D:2)
  4 orcs (D:3)
  5 ball pythons
  5 endoplasms
  3 giant cockroaches
  4 goblins
  3 hobgoblins (D:2)
  5 quokkas
  2 bats
  4 frilled lizards (D:1)
  8 kobolds
  A rat (D:1)
52 creatures vanquished.

Notes
Turn   | Place    | Note
-------+----------+-------------------------------------------
     0 | D:1      | Newt the Kobold Hunter began the quest for the Orb.
     0 | D:1      | Reached XP level 1. HP: 12/12 MP: 1/1
    86 | D:1      | Reached XP level 2. HP: 18/18 MP: 2/2
   442 | D:1      | Reached XP level 3. HP: 23/23 MP: 3/3
  1125 | D:2      | Reached XP level 4. HP: 15/30 MP: 4/4
  1503 | D:2      | Reached skill level 5 in Fighting
  1949 | D:3      | Reached XP level 5. HP: 32/35 MP: 5/5
  1983 | D:3      | Found a faded altar of an unknown god.
  2022 | D:3      | Reached skill level 6 in Ranged Weapons
  2110 | D:3      | Found a transporter.
  2126 | D:3      | Found a transporter.
  2135 | D:3      | Noticed a black bear
  2136 | D:3      | Found a glowing golden altar of the Shining One.
  2672 | D:4      | Noticed an ice beast
  2680 | D:4      | Slain by an ice beast

Illustrated notes

Levels and vault maps discovered:
D:1:      heliophobic_arrival_ceremonial_halls, layout_loops_ring,
          corexii_item_surrounded_by_moat
D:2:      layout_basic
D:3:      layout_loops_cross, gammafunk_temple_overflow_arena,
          hellmonk_ecumenical_altar_blasted, amcnicky_mini_corridor_feature
D:4:      layout_basic, minmay_temple_entry_statues_pillars, uniq_duvessa

Skill      XL: |  1  2  3  4  5 |
---------------+----------------+-----
Fighting       | 3 4 5 |  5.0
Ranged Weapons | 6 |  6.8
Dodging        | |  2.4
Stealth        | |  1.3

Action                     |  1- 3 |  4- 6 || total
---------------------------+-------+-------++-------
   Fire: Shortbow          |    74 |    67 ||   141
    Use: Scroll            |     3 |     4 ||     7
         Potion            |       |     1 ||     1
 Armour: Leather armour    |     3 |     2 ||     5
  Dodge: Dodged            |    15 |    28 ||    43

Table legend: (Time is in decaauts)
 A = Elapsed time spent in this place.
 B = Non-inter-level travel time spent in this place.
 C = Inter-level travel time spent in this place.
 D = Time resting spent in this place.
 E = Time spent auto-exploring this place.
 F = Levels seen in this place.
 G = Mean time per level.
                   A        B        C        D        E       F      G
               +--------+--------+--------+--------+--------+-----+--------+
         Total |   2702 |   2648 |     54 |    188 |   2189 |   4 |  675.5 |
       Dungeon |   2702 |   2648 |     54 |    188 |   2189 |   4 |  675.5 |
               +--------+--------+--------+--------+--------+-----+--------+

Top non-repeatable levels by time:
     D:2: 1051 daAuts
     D:3: 796 daAuts
     D:1: 769 daAuts
     D:4: 84 daAuts
